 Dungeon Crawl Stone Soup version 0.21.1-1-g345015f (webtiles) character file.

235 tidbits the Insei (level 6, -1/47 HPs)
             Began as a Gnoll Transmuter on Mar 23, 2018.
             Killed from afar by Mirai's ghost (8 damage)
             ... with a magic dart
             ... on level 4 of the Dungeon.
             The game lasted 00:08:42 (851 turns).

tidbits the Insei (Gnoll Transmuter)                 Turns: 851, Time: 00:08:42

Health: -1/47      AC:  5    Str: 12    XL:     6   Next: 6%
Magic:  4/13       EV: 15    Int: 17    God:
Gold:   86         SH:  0    Dex: 16    Spells: 5/15 levels left

rFire    . . .     SeeInvis .   r - +0 hand axe (venom)
rCold    . . .     Gourm    .   (no shield)
rNeg     . . .     Faith    .   B - +0 robe
rPois    .         Spirit   .   E - +0 helmet
rElec    .         Reflect  .   C - +1 cloak
rCorr    .         Harm     .   (no gloves)
MR       .....                  (no boots)
Stlth    ++........             (no amulet)
HPRegen  0.15/turn              s - ring of flight
MPRegen  0.13/turn              (no ring)

@: very slightly contaminated
A: distributed training, fangs 1, strong nose
a: Evoke Flight


You were on level 4 of the Dungeon.
You were not hungry.

You visited 1 branch of the dungeon, and saw 4 of its levels.

You collected 86 gold pieces.

Inventory:

Hand Weapons
 e - a +0 dagger
 r - a +0 hand axe of venom (weapon)
   (You took it off an orc on level 4 of the Dungeon)
Missiles
 a - 9 arrows
Armour
 k - a +1 ring mail of poison resistance
   (You found it on level 3 of the Dungeon)
 B - a +0 robe (worn)
 C - a +1 cloak (worn)
 E - a +0 helmet (worn)
Jewellery
 s - a ring of flight (left hand)
   (You found it on level 4 of the Dungeon)
Wands
 m - a wand of disintegration (14)
 o - a wand of random effects (27)
 p - a wand of paralysis (7)
Scrolls
 h - a scroll of amnesia
 j - a scroll of enchant weapon
 l - a scroll of teleportation
Potions
 b - 2 potions of resistance {unknown}
 f - 2 potions of heal wounds {unknown}
 i - 2 potions of curing
 q - 3 potions of lignification {unknown}
Books
 c - a book of Changes

   Spells                             Type                      Level
   a - Beastly Appendage              Transmutation                1
   b - Sticks to Snakes               Transmutation                2
   c - Spider Form                    Transmutation/Poison         3
   d - Ice Form                       Ice/Transmutation            4
   e - Blade Hands                    Transmutation                5
Comestibles
 d - 3 rations


   Skills:
 + Level 3.1 Fighting
 + Level 1.7 Short Blades
 + Level 1.7 Long Blades
 + Level 1.7 Axes
 + Level 1.7 Maces & Flails
 + Level 1.7 Polearms
 + Level 1.7 Staves
 + Level 1.7 Slings
 + Level 1.7 Bows
 + Level 1.7 Crossbows
 + Level 1.7 Throwing
 + Level 1.7 Armour
 + Level 4.9 Dodging
 + Level 1.7 Stealth
 + Level 1.7 Shields
 + Level 6.7 Unarmed Combat
 + Level 5.2 Spellcasting
 + Level 1.3 Conjurations
 + Level 1.3 Hexes
 + Level 1.3 Charms
 + Level 1.3 Summonings
 + Level 1.3 Necromancy
 + Level 1.3 Translocations
 + Level 4.0 Transmutations
 + Level 1.3 Fire Magic
 + Level 1.3 Ice Magic
 + Level 1.3 Air Magic
 + Level 1.3 Earth Magic
 + Level 1.3 Poison Magic
 + Level 1.9 Invocations
 + Level 1.7 Evocations


You had 5 spell levels left.
You knew the following spells:

 Your Spells              Type           Power        Failure   Level  Hunger
e - Beastly Appendage     Tmut           ###...       2%          1    None
i - Ice Form              Ice/Tmut       ##......     41%         4    ####...
k - Sticks to Snakes      Tmut           ###.....     4%          2    #......
p - Spider Form           Tmut/Pois      ##........   14%         3    ###....


Dungeon Overview and Level Annotations

Branches:
Dungeon (4/15)
 Temple: D:4-7

Altars:

Annotations:
D:4 Mirai's ghost, amateur DECj


Innate Abilities, Weirdness & Mutations

Your experience applies equally to all skills.
You have very sharp teeth.
Your uncanny sense of smell can sniff out nearby items.


Message History

Confirm with . or Enter, or press ? or * to list all spells.
You miscast Ice Form.
You are lightly contaminated with residual magic.
Heat is drained from your body!
You are feeling hungry.
The giant cockroach completely misses you.
The giant cockroach waves its antennae.
You cannot drink potions in your current state!
Unknown command.
Wield which item (- for none, * to show all)? (? for menu, Esc to quit)
Your +0 hand axe of venom begins to drip with poison!
r - a +0 hand axe of venom (weapon)
You hit the giant cockroach but do no damage.
The giant cockroach is poisoned.
The giant cockroach misses you. x2
Casting: Ice Form
Confirm with . or Enter, or press ? or * to list all spells.
Your feet morph into talons.
Your transformation is almost over.
The giant cockroach barely misses you.
You hit the giant cockroach.
You kill the giant cockroach!
That felt strangely unrewarding.
The worker ant bites you.
* * * LOW HITPOINT WARNING * * *
You hit the worker ant but do no damage.
The worker ant is poisoned.
The worker ant barely misses you.
You barely miss the worker ant.
You claw the worker ant, but do no damage.
The worker ant is heavily wounded.
The worker ant misses you. The worker ant barely misses you.
You hit the worker ant.
The worker ant looks as sick as possible!
You claw the worker ant, but do no damage.
The worker ant is almost dead.
You kill the worker ant!
The giant cockroach bites you.
* * * LOW HITPOINT WARNING * * *
You cannot drink potions in your current state!
Unknown command.
You slash the giant cockroach!
You kill the giant cockroach!
That felt strangely unrewarding.
You cannot drink potions in your current state!
You barely miss the iguana. You claw the iguana.
The iguana is lightly wounded.
The iguana bites you!
* * * LOW HITPOINT WARNING * * *
The iguana bites you.
* * * LOW HITPOINT WARNING * * *
You cannot drink potions in your current state!
Unknown command.
Your talons disappear.
You can drink potions again.
Casting: Beastly Appendage
Confirm with . or Enter, or press ? or * to list all spells.
You turn into a venomous arachnid creature.
Your +0 hand axe of venom melds into your body.
Your +1 cloak melds into your body.
Your +0 helmet melds into your body.
Your +0 robe melds into your body.
Your +0 hand axe of venom stops dripping with poison.
You bite the iguana!
The iguana is poisoned.
The iguana is heavily wounded.
The iguana misses you.
You bite the iguana!
You kill the iguana!
You have reached level 6!
Your experience leads to an increase in your attributes!
Your base attributes are Str 12, Int 16, Dex 16.
Increase (S)trength, (I)ntelligence, or (D)exterity?
You feel clever.
You see here an iguana corpse.
You butcher the iguana corpse.
Things that are here:
3 chunks of flesh; an iguana skeleton Eat one of 3 chunks of flesh? (ye/n/q)
You eat one of the 3 chunks of flesh.
This raw flesh tastes terrible.
Your transformation is almost over.
Your transformation has ended.
Your +0 hand axe of venom unmelds from your body.
Your +1 cloak unmelds from your body.
Your +0 helmet unmelds from your body.
Your +0 robe unmelds from your body.
Your +0 hand axe of venom begins to drip with poison!
You see here a worker ant corpse.
Unknown command.
Casting: Spider Form
Confirm with . or Enter, or press ? or * to list all spells.
Okay, then.
Unknown command.
Evoke which item? (* to show all) (? for menu, Esc to quit)
Aiming: Disintegrate
Press: ? - help, Shift-Dir - straight line, f - phantom
Aim: a phantom (chance to defeat MR: 56%)
The phantom is blasted.
Unknown command.
Mirai's ghost turns its malevolent gaze towards you.
Mirai's ghost points at you and mumbles some strange words.
The magic dart hits you!
* * * LOW HITPOINT WARNING * * *
Mirai's ghost gestures at you while chanting.
The magic dart hits you!
You die...

##.# ..#... ∆. ...# #.##.. ##.#
##. #####... .. .#.# ...
......### ...# #.. # #######
..## ..### #w# .# ##
#....####....####.##.# ...#
#.........$.......# ##.#
#########....W..........
#..######......@..W.##.....<...>
#......†............##.........
###...######........##.........
###..### ##.......##.........
##...## #.......##.........
...### #.......###..>..... ####
#.......##...W.....
#.......##.<.......
#.......##.#######.


You could see a phantom and Mirai's ghost.

Vanquished Creatures
  The ghost of Redear the Ruffian, an amateur VSMo (D:3)
  An iguana (D:4)
  A worker ant (D:4)
  Robin (D:3)
  3 adders
  3 adder skeletons (D:2)
  2 leopard geckos
  3 orcs
  A ball python (D:3)
  4 giant cockroaches
  12 goblins
  4 hobgoblins (D:3)
  4 jackals (D:3)
  A kobold (D:2)
  A quokka (D:4)
  A quokka skeleton (D:4)
  A rat (D:3)
44 creatures vanquished.

Vanquished Creatures (collateral kills)
  Ijyb (D:3)
1 creature vanquished.

Grand Total: 45 creatures vanquished

Notes
Turn   | Place    | Note
-------+----------+-------------------------------------------
     0 | D:1      | tidbits the Gnoll Transmuter began the quest for the Orb.
     0 | D:1      | Reached XP level 1. HP: 17/17 MP: 6/6
   128 | D:2      | Reached XP level 2. HP: 23/23 MP: 5/7
   132 | D:2      | Learned a level 2 spell: Sticks to Snakes
   226 | D:3      | Noticed Redear's ghost (amateur VSMo)
   236 | D:3      | Killed Redear's ghost
   236 | D:3      | Reached skill level 1 in Short Blades
   236 | D:3      | Reached skill level 1 in Long Blades
   236 | D:3      | Reached skill level 1 in Axes
   236 | D:3      | Reached skill level 1 in Maces & Flails
   236 | D:3      | Reached skill level 1 in Polearms
   236 | D:3      | Reached skill level 1 in Staves
   236 | D:3      | Reached skill level 1 in Slings
   236 | D:3      | Reached skill level 1 in Bows
   236 | D:3      | Reached skill level 1 in Crossbows
   236 | D:3      | Reached skill level 1 in Throwing
   236 | D:3      | Reached skill level 1 in Armour
   236 | D:3      | Reached skill level 1 in Stealth
   236 | D:3      | Reached skill level 1 in Shields
   236 | D:3      | Reached skill level 5 in Spellcasting
   236 | D:3      | Reached skill level 1 in Invocations
   236 | D:3      | Reached skill level 1 in Evocations
   236 | D:3      | Reached XP level 3. HP: 21/28 MP: 7/9
   236 | D:3      | Reached XP level 4. HP: 26/34 MP: 8/11
   255 | D:3      | Reached skill level 1 in Conjurations
   255 | D:3      | Reached skill level 1 in Hexes
   255 | D:3      | Reached skill level 1 in Charms
   255 | D:3      | Reached skill level 1 in Summonings
   255 | D:3      | Reached skill level 1 in Necromancy
   255 | D:3      | Reached skill level 1 in Translocations
   255 | D:3      | Reached skill level 1 in Fire Magic
   255 | D:3      | Reached skill level 1 in Ice Magic
   255 | D:3      | Reached skill level 1 in Air Magic
   255 | D:3      | Reached skill level 1 in Earth Magic
   255 | D:3      | Reached skill level 1 in Poison Magic
   261 | D:3      | Learned a level 3 spell: Spider Form
   266 | D:3      | Learned a level 4 spell: Ice Form
   296 | D:4      | Noticed a phantom
   456 | D:3      | Noticed Ijyb
   469 | D:3      | Killed Ijyb
   469 | D:3      | Reached XP level 5. HP: 33/40 MP: 2/12
   568 | D:3      | Noticed Robin
   607 | D:3      | Killed Robin
   607 | D:3      | Reached skill level 3 in Fighting
   615 | D:4      | Noticed Mirai's ghost (amateur DECj)
   634 | D:4      | Reached skill level 4 in Transmutations
   820 | D:4      | Reached XP level 6. HP: 8/47 MP: 0/13
   851 | D:4      | Killed from afar by Mirai's ghost

Skill      XL: |  1  2  3  4  5 |
---------------+----------------+-----
Short Blades   | 1 |  1.7
Long Blades    | 1 |  1.7
Axes           | 1 |  1.7
Maces & Flails | 1 |  1.7
Polearms       | 1 |  1.7
Staves         | 1 |  1.7
Slings         | 1 |  1.7
Bows           | 1 |  1.7
Crossbows      | 1 |  1.7
Throwing       | 1 |  1.7
Armour         | 1 |  1.7
Stealth        | 1 |  1.7
Shields        | 1 |  1.7
Spellcasting   | 5 |  5.2
Invocations    | 1 |  1.9
Evocations     | 1 |  1.7
Conjurations   | 1 |  1.3
Hexes          | 1 |  1.3
Charms         | 1 |  1.3
Summonings     | 1 |  1.3
Necromancy     | 1 |  1.3
Translocations | 1 |  1.3
Fire Magic     | 1 |  1.3
Ice Magic      | 1 |  1.3
Air Magic      | 1 |  1.3
Earth Magic    | 1 |  1.3
Poison Magic   | 1 |  1.3
Fighting       | 3 |  3.1
Transmutations | 4 |  4.0
Dodging        | |  4.9
Unarmed Combat | |  6.7

Action                   |  1- 3 |  4- 6 || total
-------------------------+-------+-------++-------
Melee: Unarmed           |    19 |    79 ||    98
       Headbutt          |     7 |       ||     7
       Bite              |     2 |     2 ||     4
       Dagger            |     5 |     1 ||     6
       Punch             |     2 |       ||     2
       Hand axe          |       |     7 ||     7
       Kick              |       |     3 ||     3
 Cast: Beastly Appendage |     6 |     2 ||     8
       Spider Form       |       |     8 ||     8
       Sticks to Snakes  |       |     3 ||     3
       Ice Form          |       |     2 ||     2
 Abil: End Transformatio |       |     1 ||     1
Evoke: Wand              |     2 |     1 ||     3
  Use: Scroll            |       |     5 ||     5
 Stab: Paralysed         |     5 |       ||     5
       Sleeping          |       |     4 ||     4
  Eat: Chunk             |       |     2 ||     2
Armor: Skin              |       |     8 ||     8
       Robe              |       |     3 ||     3
Dodge: Dodged            |    11 |    58 ||    69

Table legend:
 A = Turns spent in this place as a percentage of turns spent in the entire game.
 B = Non-inter-level travel turns spent in this place as a percentage of non-inter-level travel turns spent in the entire game.
 C = Inter-level travel turns spent in this place as a percentage of turns spent in this place.
 D = Turns resting spent in this place as a percentage of non-inter-level travel turns spent in this place.
 E = Turns spent auto-exploring this place as a percentage of non-inter-level travel turns spent in this place.
 F = Non-inter-level travel turns spent in this place divided by the number of levels of this place that you've seen.
                   A       B       C       D       E      F
               +-------+-------+-------+-------+-------+----------------------
         Total | 100.0 | 100.0 |   0.0 |   0.0 |   0.0 | 212.8
       Dungeon | 100.0 | 100.0 |   0.0 |   0.0 |   0.0 | 212.8
               +-------+-------+-------+-------+-------+----------------------

Table legend:
 A = Kills in this place as a percentage of kills in entire the game.
 B = Kills by you in this place as a percentage of kills by you in the entire game.
 C = Kills by friends in this place as a percentage of kills by friends in the entire game.
 D = Other kills in this place as a percentage of other kills in the entire game.
 E = Experience gained in this place as a percentage of experience gained in the entire game.
 F = Experience gained in this place divided by the number of levels of this place that you have seen.
                   A       B       C       D       E      F
               +-------+-------+-------+-------+-------+----------------------
         Total | 100.0 | 100.0 | 100.0 |   N/A | 100.0 |  84.2
       Dungeon | 100.0 | 100.0 | 100.0 |   N/A | 100.0 |  84.2
               +-------+-------+-------+-------+-------+----------------------

Vault maps used:
D:1:      minmay_arrival_up_and_down
D:2:      serial_undead, serial_undead_a, serial_undead_b, serial_undead_b,
          serial_undead_e, serial_undead_c, serial_undead_a, serial_undead_b,
          chequers_big_river
D:3:      first_ration, uniq_robin, uniq_ijyb
D:4:      kennysheep_little_box, cheibriados_altar_1
